 Dungeon Crawl Stone Soup version 0.20.1-1-g8b1a95d (webtiles) character file.

22556 Jazqa the Fighter (level 12, -5/117 HPs)
             Began as a Grey Draconian Berserker on Oct 24, 2017.
             Was a High Priest of Trog.
             Slain by a meliai
             ... wielding a +0 war axe
              (7 damage)
             ... on level 4 of the Lair of Beasts.
             The game lasted 00:31:42 (17980 turns).

Jazqa the Fighter (Grey Draconian Berserker)       Turns: 17980, Time: 00:31:43

Health: -5/117     AC: 17    Str: 24    XL:     12   Next: 64%
Magic:  12/12      EV: 16    Int:  9    God:    Trog [*****.]
Gold:   828        SH:  7    Dex: 10    Spells: 11/11 levels left

rFire    . . .     SeeInvis .   a - +1 mace
rCold    . . .     Gourm    +   j - +3 buckler
rNeg     + . .     Faith    .   (armour unavailable)
rPois    .         Spirit   .   (helmet restricted)
rElec    .         Reflect  .   (no cloak)
rCorr    .         Harm     .   H - +0 pair of gloves
MR       +....                  n - +2 pair of boots
Stlth    +.........             z - amulet of the gourmand
Regen    0.3/turn               N - ring of positive energy
MPRegen  0.2/turn               M - ring of protection from magic

@: lethally poisoned (-5 -> -7), about to teleport
A: walk through water, unfitting armour, unbreathing, cold-blooded, AC +13
a: Berserk, Trog's Hand, Brothers in Arms, Burn Spellbooks, Renounce Religion


You were on level 4 of the Lair of Beasts.
You worshipped Trog.
Trog was extremely pleased with you.
You were very full.

You visited 2 branches of the dungeon, and saw 14 of its levels.
You also visited: Sewer.

You collected 828 gold pieces.


Innate Abilities, Weirdness & Mutations

You can walk through water.
Your dull iron-grey scales are very hard. (AC +13)
You cannot fit into any form of body armour.
You can survive without breathing.
You are cold-blooded and may be slowed by cold attacks.


   Skills:
 + Level 14.1 Fighting
 + Level 12.8 Maces & Flails
 + Level 10.1 Dodging
 - Level 4.0 Shields


You had 11 spell levels left.
You didn't know any spells.

Inventory:

Hand Weapons
 a - a +1 mace (weapon)
Missiles
 K - 6 javelins of penetration (quivered)
 O - 4 poisoned javelins
Armour
 j - a +3 buckler (worn)
 n - a +2 pair of boots (worn)
 H - a +0 pair of gloves (worn)
Magical Staves
 c - an uncursed staff of summoning {unknown}
Jewellery
 z - an amulet of the gourmand (around neck)
 C - an uncursed ring of ice
 M - a ring of protection from magic (right hand)
 N - a ring of positive energy (left hand)
 R - an uncursed ring of resist corrosion
Wands
 q - a wand of flame (13/48)
 v - a wand of scattershot (9/9)
 x - a wand of acid (5/15)
 E - a wand of acid (7/15)
 I - a wand of lightning (9/15)
Scrolls
 f - 2 scrolls of recharging
 h - 4 scrolls of remove curse {@r2}
 i - 4 scrolls of teleportation {@r4}
 p - a scroll of enchant weapon
 r - 3 scrolls of enchant armour
 u - a scroll of fear
 y - 2 scrolls of magic mapping
 G - 4 scrolls of identify {@r1}
 L - a scroll of random uselessness {unknown}
 Q - a scroll of acquirement {unknown}
Potions
 d - 8 potions of curing {@q1}
 e - 2 potions of degeneration {unknown}
 g - a potion of ambrosia {unknown}
 l - 2 potions of cancellation
 m - 3 potions of might
 s - a potion of resistance {unknown}
 A - 2 potions of agility {unknown}
 D - 3 potions of mutation {!q}
 F - a potion of haste {unknown}
Books
 w - a book of Conjurations

   Spells                             Type                      Level
   a - Magic Dart                     Conjuration                  1
   b - Searing Ray                    Conjuration                  2
   c - Dazzling Spray                 Conjuration/Hexes            3
   d - Fulminant Prism                Conjuration/Hexes            4
   e - Force Lance                    Conjuration/Translocation    4
   f - Iskenderun's Mystic Blast      Conjuration                  4
   Trog disapproves of the use of such an item.
 B - a book of Enchantments

   Spells                             Type                      Level
   a - Cause Fear                     Hexes                        4
   b - Yara's Violent Unravelling     Hexes/Transmutation          5
   c - Silence                        Hexes/Air                    5
   d - Deflect Missiles               Charms/Air                   6
   e - Discord                        Hexes                        8
   Trog disapproves of the use of such an item.
Miscellaneous
 P - a sack of spiders
 S - a fan of gales
Comestibles
 b - 8 bread rations {@e1}
 k - 9 royal jellies {@e3}
 o - 7 meat rations {@e1}
 t - 20 fruits {@e2}

Dungeon Overview and Level Annotations

Branches:
Dungeon (10/15)            Temple (0/1) D:5            Lair (4/6) D:10
 Spider (0/4) Lair:4          Orc (0/2) D:10
  Swamp: Lair:2-4    Shoals: Lair:2-4

Altars:
Ashenzari
Dithmenos
Elyvilon
Fedhas
Gozag
Kikubaaqudgha
Nemelex Xobeh
Xom
Yredelemnul
The Shining One

Shops:
D:7 [

Annotations:
D:9 tarantulino's ghost, journeyman MfTm

..#
.#####.###..##
..#
y..y.y......##
..#
##y.........P#
#...
#...###.P...#
....
###.#####...#
.........##
.....y.ยง.T#
.....ryy)##
.....ry@y#
......y..#
.........#
.##.##...# #.
#.... . ....?#
. ..(..#
.....##


You could see 2 meliai, 2 porcupines, 4 killer bees and a friendly troll
(berserk).


Message History

The killer bee barely misses you.
The meliai hits your troll with a hand axe.
The meliai hits you with a hand axe.
* * * LOW HITPOINT WARNING * * *
The meliai barely misses your troll.
Something stings the bush but does no damage.
You block the killer bee's attack.
The meliai calls down the wrath of its god upon you.
Something smites you!
* * * LOW HITPOINT WARNING * * *
As you read the scroll of teleportation {@r4}, it crumbles to dust.
You feel strangely unstable. The killer bee barely misses you.
The killer bee stings you.
* * * LOW HITPOINT WARNING * * *
You are poisoned.
The killer bee poisons you! The meliai barely misses your troll.
The meliai hits you with a hand axe.
* * * LOW HITPOINT WARNING * * *
The meliai stings your troll but does no damage.
Something stings the bush but does no damage.
The meliai mumbles some strange prayers to its god against you.
Something smites you!
* * * LOW HITPOINT WARNING * * *
Your troll barely misses the meliai.
Your troll claws the meliai!!
The meliai dies!
Trog accepts your kill. You block the killer bee's attack.
The killer bee closely misses you.
Something stings the bush.
The killer bee barely misses you. The meliai hits you with a war axe!
You die...

Skill      XL: |  1  2  3  4  5  6  7  8  9 10 11 12 |
---------------+-------------------------------------+-----
Fighting       | 4 5 6 7 9 10 11 13 14 | 14.1
Shields        | 1 2 3 4 |  4.0
Maces & Flails | 4 5 6 8 9 10 11 12 | 12.8
Dodging        | 3 5 7 9 10 | 10.1

Action                   |  1- 3 |  4- 6 |  7- 9 | 10-12 || total
-------------------------+-------+-------+-------+-------++-------
Melee: Mace              |   123 |   125 |   457 |   979 ||  1684
       Tailslap          |    10 |    15 |    57 |   155 ||   237
Invok: Berserk           |     1 |     1 |     7 |    17 ||    26
       Trog's Hand       |       |       |       |     1 ||     1
       Burn Spellbooks   |       |       |       |     1 ||     1
       Brothers in Arms  |       |       |       |     1 ||     1
Evoke: Sack of spiders   |       |       |       |     1 ||     1
  Use: Scroll            |     5 |       |    12 |     3 ||    20
       Potion            |       |       |     1 |     2 ||     3
 Stab: Sleeping          |       |       |     1 |       ||     1
  Eat: Chunk             |     3 |     6 |    20 |    51 ||    80
       Fruit             |       |     1 |       |       ||     1
       Meat ration       |       |       |     1 |     1 ||     2
Armor: Skin              |    38 |    21 |   173 |   241 ||   473
Dodge: Dodged            |    70 |    52 |   240 |   662 ||  1024
Block: Buckler           |    12 |    45 |   184 |   347 ||   588

Vault maps used:
D:1:      dpeg_arrival_tiny_k
D:2:      cheibrodos_old_hovel, lemuel_round_altar
D:3:      kennysheep_generic_room_3
D:4:      first_bread, hangedman_decor_points
D:5:      kennysheep_mini, minmay_temple_entry_hall, led_xom_imps
D:6:      chequers_temple_overflow_minitemple, lightli_sewer_entry_pipes
D:7:      ashenzari_altar_1, kennysheep_mini_moat, serial_shops,
          nicolae_shop_trees
D:8:      nicolae_overflow_hidden_temple
D:9:      cheibriados_altar_1
D:10:     erik_lair_island, orc_0_dummy, hangedman_ranch, hangedman_misty_isle
Lair:1:   minivault_26, uniq_grum
Lair:2:   basic_altar
Lair:3:   serial_bayou_shore_b
Lair:4:   elwin_shoals_entry_stream, spider_nest_entry_webs, special_room
Sewer:    sewer_co_scattered_pipes

Notes
Turn   | Place    | Note
-------+----------+-------------------------------------------
     0 | D:1      | Jazqa the Draconian Berserker began the quest for the Orb.
     0 | D:1      | Reached XP level 1. HP: 19/19 MP: 1/1
   385 | D:1      | Reached skill level 4 in Fighting
   385 | D:1      | Reached XP level 2. HP: 27/27 MP: 2/2
  1009 | D:2      | Reached skill level 1 in Shields
  1009 | D:2      | Reached XP level 3. HP: 19/34 MP: 3/3
  1261 | D:2      | Found a shadowy altar of Dithmenos.
  1291 | D:2      | Reached ** piety under Trog
  1777 | D:3      | Reached skill level 5 in Fighting
  1777 | D:3      | Reached XP level 4. HP: 42/42 MP: 4/4
  1960 | D:3      | Reached skill level 2 in Shields
  2311 | D:4      | Reached XP level 5. HP: 41/48 MP: 5/5
  2811 | D:4      | Reached skill level 4 in Maces & Flails
  2811 | D:4      | Reached skill level 3 in Shields
  2811 | D:4      | Reached XP level 6. HP: 24/57 MP: 6/6
  3154 | D:4      | Reached *** piety under Trog
  3162 | D:4      | Reached skill level 6 in Fighting
  3537 | D:4      | Reached skill level 4 in Shields
  3545 | D:4      | Reached skill level 5 in Maces & Flails
  3545 | D:4      | Your scales start taking on a dull iron-grey colour.
  3545 | D:4      | Reached XP level 7. HP: 63/63 MP: 7/7
  3545 | D:4      | Gained mutation: You can survive without breathing. [Grey Draconian growth]
  4049 | D:5      | Entered Level 5 of the Dungeon
  4108 | D:5      | Reached skill level 7 in Fighting
  4111 | D:5      | Reached skill level 6 in Maces & Flails
  4119 | D:5      | Reached XP level 8. HP: 73/73 MP: 8/8
  4344 | D:5      | Found a staircase to the Ecumenical Temple.
  4444 | D:5      | Found an ancient bone altar of Kikubaaqudgha.
  4488 | D:5      | Found a shimmering altar of Xom.
  4771 | D:6      | Found a glowing drain.
  4778 | Sewer    | Entered a sewer
  5346 | D:6      | Reached **** piety under Trog
  5346 | D:6      | Reached skill level 8 in Fighting
  5737 | D:6      | Found an opulent altar of Gozag.
  5737 | D:6      | Found a faded altar of an unknown god.
  5742 | D:6      | Found a faded altar of an unknown god.
  5744 | D:6      | Found a sparkling altar of Nemelex Xobeh.
  5745 | D:6      | Found a basalt altar of Yredelemnul.
  6162 | D:7      | Reached skill level 7 in Maces & Flails
  6406 | D:7      | Found a shattered altar of Ashenzari.
  6497 | D:7      | Reached skill level 9 in Fighting
  6833 | D:7      | Noticed a hippogriff
  6842 | D:7      | Killed a hippogriff
  6842 | D:7      | Reached skill level 8 in Maces & Flails
  6842 | D:7      | Reached skill level 3 in Dodging
  6842 | D:7      | Reached XP level 9. HP: 66/83 MP: 9/9
  6903 | D:7      | Found a white marble altar of Elyvilon.
  7173 | D:7      | Found Fuytt's Antique Armour Boutique.
  7865 | D:8      | Found a blossoming altar of Fedhas.
  7925 | D:8      | Reached skill level 4 in Dodging
  8613 | D:9      | Noticed tarantulino's ghost (journeyman MfTm)
  8690 | D:10     | Entered Level 10 of the Dungeon
  8877 | D:10     | Reached skill level 10 in Fighting
  8987 | D:10     | Noticed a two-headed ogre
  8994 | D:10     | Killed a two-headed ogre
  8994 | D:10     | Reached skill level 9 in Maces & Flails
  8994 | D:10     | Reached skill level 5 in Dodging
  9082 | D:10     | Found a staircase to the Orcish Mines.
  9153 | D:10     | Reached XP level 10. HP: 31/94 MP: 10/10
  9480 | D:10     | Found a staircase to the Lair.
  9529 | D:10     | HP: 9/94 [wolf (3)]
 10016 | D:10     | Reached skill level 11 in Fighting
 10038 | D:10     | Reached skill level 6 in Dodging
 10426 | D:10     | Reached skill level 10 in Maces & Flails
 10729 | D:10     | Noticed a two-headed ogre
 10739 | D:10     | Killed a two-headed ogre
 10967 | D:10     | Reached skill level 7 in Dodging
 11173 | D:10     | Noticed a three-headed hydra
 11182 | D:10     | Killed a three-headed hydra
 11187 | D:10     | Reached XP level 11. HP: 99/104 MP: 11/11
 11715 | Lair:1   | Entered Level 1 of the Lair of Beasts
 11718 | Lair:1   | Noticed Grum
 11906 | Lair:1   | Killed Grum
 11921 | Lair:1   | Reached skill level 12 in Fighting
 12212 | Lair:1   | Reached skill level 11 in Maces & Flails
 12371 | Lair:1   | Reached ***** piety under Trog
 12734 | Lair:1   | Reached skill level 8 in Dodging
 12740 | Lair:1   | Received a gift from Trog
 14330 | Lair:2   | Found a glowing golden altar of the Shining One.
 14685 | Lair:2   | Received a gift from Trog
 14685 | Lair:2   | Reached skill level 13 in Fighting
 14896 | Lair:2   | Reached skill level 9 in Dodging
 15371 | Lair:2   | Reached XP level 12. HP: 115/115 MP: 12/12
 15380 | Lair:2   | Reached skill level 12 in Maces & Flails
 17147 | Lair:4   | Reached skill level 14 in Fighting
 17147 | Lair:4   | Reached skill level 10 in Dodging
 17370 | Lair:4   | Found a hole to the Spider Nest.
 17980 | Lair:4   | HP: 2/117 [meliai/divine providence (11)]
 17980 | Lair:4   | Slain by a meliai

Vanquished Creatures
  A hydra (D:10)
  2 two-headed ogres (D:10)
  2 black mambas
  A torpor snail (Lair:2)
  4 spiny frogs
  2 komodo dragons
  A troll (D:10)
  A polar bear (Lair:4)
  6 dream sheep
  11 blink frogs
  3 hippogriffs
  3 redbacks (Lair:4)
  2 wyverns (Lair:2)
  Grum (Lair:1)
  35 yaks
  A steam dragon (D:10)
  A basilisk (Lair:2)
  2 insubstantial wisps (D:10)
  4 water moccasins
  4 porcupines
  3 orc warriors
  4 ice beasts
  5 sky beasts
  A necrophage (D:10)
  2 ogres (D:4)
  5 centaurs
  26 wolves
  A black bear (D:10)
  6 crocodiles
  3 big kobolds (D:10)
  10 bullfrogs
  3 scorpions
  A water moccasin skeleton (D:4)
  A killer bee (Lair:4)
  3 howler monkeys
  2 electric eels (D:10)
  4 crimson imps
  A centaur zombie (D:7)
  2 orc priests (D:7)
  9 hounds
  A jelly (D:10)
  2 orc wizards
  A centaur skeleton (D:8)
  2 iguanas (D:7)
  8 worker ants
  A hound zombie (D:9)
  A worker ant zombie (D:7)
  3 gnolls (D:7)
  11 adders
  A river rat (D:6)
  5 shadow imps
  2 adder skeletons
  11 worms
  2 leopard geckos
  18 orcs
  3 ball pythons
  4 bats
  10 giant cockroaches
  5 goblins
  4 hobgoblins
  17 jackals
  2 quokkas
  7 frilled lizards
  20 kobolds
  9 rats
329 creatures vanquished.

Vanquished Creatures (collateral kills)
  A meliai (Lair:4)
1 creature vanquished.

Vanquished Creatures (others)
  A bullfrog skeleton (D:10)
  A jackal (D:10)
  2 fungi (Lair:2)
4 creatures vanquished.

Grand Total: 334 creatures vanquished
